 Dungeon Crawl Stone Soup version 0.30-b1-2-g02819fbbbe (webtiles) character file.

Game seed: 18234713157688482886

4269 Mesmaeker13 the Covert (level 9, -2/60 (62) HPs)
             Began as a Demigod Enchanter on July 18, 2023.
             Slain by a chaos spawn (7 damage)
             ... on level 3 of the Abyss.
             The game lasted 00:22:35 (9708 turns).

Mesmaeker13 the Covert (Demigod Enchanter)          Turns: 9708, Time: 00:22:36

HP:   -2/60 (62)    AC:  8    Str: 13    XL:     9   Next: 85%
MP:   14/14         EV: 16    Int: 17    God:
Gold: 326           SH:  0    Dex: 22    Spells: 5/11 levels left

rFire   . . .        i - +2 dagger (venom)
rCold   . . .        (no shield)
rNeg    . . .        b - +0 robe
rPois   +            (no helmet)
rElec   .            h - +0 cloak
rCorr   .            e - +0 pair of gloves
SInv    .            (no boots)
Will    .....        d - amulet of the acrobat
Stlth   ++           C - ring of poison resistance
HPRegen 0.30/turn    x - +4 ring of protection
MPRegen 0.14/turn

%: acrobat
@: glowing, lightly drained
A: high MP 1, forlorn, divine attributes, mutation resistance 1, inability to
read after injury 1
a: no special abilities


You were on level 3 of the Abyss.
You visited 1 branch of the dungeon, and saw 8 of its levels.
You visited the Abyss 1 time.
You also visited: Ossuary.

You collected 326 gold pieces.

Inventory:

Hand Weapons
 i - a +2 dagger of venom (weapon)
 m - a +1 dagger of freezing
 y - a +1 long sword of flaming
 G - a +2 dagger of electrocution
Missiles
 s - 15 poisoned darts
 H - a throwing net
Armour
 b - a +0 robe (worn)
 e - a +0 pair of gloves (worn)
 h - a +0 cloak (worn)
Jewellery
 d - an amulet of the acrobat (around neck)
 o - a ring of positive energy
 x - a +4 ring of protection (right hand)
 C - a ring of poison resistance (left hand)
 E - a ring of wizardry
Wands
 p - a wand of roots (4)
 D - a wand of flame (17)
 F - a wand of charming (1)
Scrolls
 a - 2 scrolls of immolation
 f - a scroll of noise
 g - 2 scrolls of enchant armour
 k - 2 scrolls of blinking
 n - 2 scrolls of teleportation
 r - a scroll of poison
 t - 2 scrolls of summoning {unknown}
 u - a scroll of torment
 w - 3 scrolls of magic mapping {unknown}
 I - a scroll of enchant weapon
Potions
 j - a potion of cancellation {unknown}
 l - 2 potions of might
 v - 4 potions of flight
 z - a potion of resistance
 B - 2 potions of attraction


   Skills:
 + Level 6.0 Short Blades
 + Level 6.2 Dodging
 * Level 9.7 Stealth
 - Level 1.7 Spellcasting
 + Level 6.6 Hexes


You had 5 spell levels left.
You knew the following spells:

 Your Spells              Type           Power      Damage    Failure   Level
a - Confusing Touch       Hex            24%        N/A       3%          3
b - Tukima's Dance        Hex            24%        N/A       3%          3

Your spell library contained the following spells:

 Spells                   Type           Power      Damage    Failure   Level
 Ensorcelled Hibernation  Hex/Ice        24%        N/A       8%          2
 Dazzling Flash           Conj/Hex       24%        N/A       16%         3
 Blink                    Tloc           2%         N/A       30%         2
 Stone Arrow              Conj/Erth      2%         3d7       52%         3
 Summon Mana Viper        Hex/Summ       12%        N/A       80%         5
 Animate Armour           Summ/Erth      2%         N/A       89%         4
 Manifold Assault         Tloc           1%         N/A       89%         4
 Summon Forest            Summ/Tloc      0%         N/A       99%         5
 Summon Cactus Giant      Summ           0%         N/A       100%        6
 Storm Form               Tmut/Air       0%         N/A       100%        7
 Lehudib's Crystal Spear  Conj/Erth      0%         10d2      100%        8


Dungeon Overview and Level Annotations

Branches:
Dungeon (8/15)             Temple (0/1) D:5         Ossuary (visited)
   Lair: D:8-11

Shops:
D:6 (

Annotations:
D:4 2 transporters
D:8 Psyche


Innate Abilities, Weirdness & Mutations

You have an increased reservoir of magic. (+10% MP)
You shall have no god before yourself.
Your divine heritage dramatically boosts your attributes as you level up.
You are somewhat resistant to further mutation.
You occasionally lose the ability to read scrolls when taking damage.


Message History

A culicivora comes into view.
Found a corrupted altar of Lugonu.
There is a corrupted altar of Lugonu here.
You open the door.
A large abomination comes into view.
You enter the shallow water.
Moving in this stuff is going to be slow.
The abyss shimmers again as the detected abyssal rune vanishes from your memory and reappears.
A small abomination comes into view.
An ufetubus comes into view.
Found a corrupted altar of Lugonu.
A daeva comes into view.
It is wielding a +4 long sword of holy wrath.
A chaos spawn comes into view.
The daeva shouts!
The chaos spawn's many legs skitter faintly.
A yellow draconian annihilator comes into view.
It is wielding a +0 rapier.
The chaos spawn closely misses you. The chaos spawn completely misses you.
The chaos spawn attacks as you move away!
The chaos spawn hits you.
You are engulfed in flames!
The ufetubus shouts!
The daeva calls down the wrath of the Shining One upon you.
The Shining One smites you!
The chaos spawn attacks as you move away!
The chaos spawn hits you!
* * * LOW HITPOINT WARNING * * *
You feel drained.
* * * LOW HITPOINT WARNING * * *
A quasit comes into view.
The quasit gives a chilling moan.
The wretched star pulses with an eldritch light!
The quasit closely misses you. x2; The quasit barely misses you.
Unknown command.
You hit the quasit but do no damage.
A smoke demon comes into view.
The chaos spawn attacks as you move away!
The chaos spawn gores you.
* * * LOW HITPOINT WARNING * * *
The chaos spawn shocks you!
You die...

## .### ..##. .###
##...##..~~~~≈~~≈ #
#....≈~~♣~ ~~~~~~~~~≈
~~~~~ ≈~~~~ ~~~≈~≈~~~
~≈~~≈ ~~~~≈~≈~~~~...#
≈~~~~ ~~~ ~~~~###... ~≈
≈~~~~~~~. ##...# 3##
~~~~..##5.X###.#..#.....
####.. .###.*.A4@5...#
#..##.....#..###.....#
.##X.. ###..# ..###.#
#.#5 ._..##.##.... # .#
.#.#. #.. ###.## #
.#...#..... ###
...#.#.###.# ####...#...
## #..#.


You could see a daeva, a wretched star, a large abomination, a smoke demon
(wandering), a chaos spawn and a quasit.

Vanquished Creatures
  Maggie (D:7)
  Grinder (D:4)
  5 yaks
  Menkaure (D:4)
  3 black bears
  A phantom (D:7)
  A bullfrog (D:7)
  A gnoll sergeant (D:7)
  12 scorpions
  5 wights (D:6)
  2 centaur zombies (Ossuary)
  4 hounds (D:5)
  Crazy Yiuf (D:5)
  2 human zombies (Ossuary)
  An orc priest (D:4)
  4 gnoll boudas
  A jelly (D:4)
  A sleepcap (D:7)
  An iguana (D:4)
  10 scorpion zombies (Ossuary)
  5 orc wizards
  3 mummies (Ossuary)
  14 gnolls (D:7)
  10 adders
  A shadow imp (D:7)
  3 white imps
  An ufetubus (D:5)
  A worm (D:3)
  3 dart slugs
  23 orcs
  5 endoplasms (D:1)
  A giant cockroach (D:1)
  2 gnoll zombies (Ossuary)
  10 goblins
  15 hobgoblins
  4 jackals (D:1)
  4 kobolds
  A quokka (D:1)
  6 ball pythons
  6 bats
  2 goblin zombies (Ossuary)
  3 kobold zombies (Ossuary)
  An orc zombie (Ossuary)
  A rat (D:3)
183 creatures vanquished.

Vanquished Creatures (collateral kills)
  4 wights (D:6)
  2 gnolls
  4 kobolds (D:8)
10 creatures vanquished.

Vanquished Creatures (others)
  A ghoul (D:1)
  3 minotaurs (D:1)
  A draconian (D:1)
  A troll (D:1)
  A merfolk (D:1)
  A formicid (D:1)
  2 vampires (D:1)
  10 dancing weapons
  2 ogres (D:1)
  A kobold brigand (D:8)
  A mummy (D:1)
  2 gnolls (D:8)
  3 orcs
  5 starspawn tentacles (Abyss:2)
  6 tentacles (D:1)
40 creatures vanquished.

Grand Total: 233 creatures vanquished

Notes
Turn   | Place    | Note
-------+----------+-------------------------------------------
     0 | D:1      | Mesmaeker13 the Demigod Enchanter began the quest for the
                  | Orb.
     0 | D:1      | Reached XP level 1. HP: 14/14 MP: 5/5
     2 | D:1      | Noticed a minotaur
     2 | D:1      | Noticed a minotaur
     2 | D:1      | Noticed a formicid
     2 | D:1      | Noticed a vampire
     2 | D:1      | Noticed a vampire
     2 | D:1      | Noticed an ogre
     2 | D:1      | Noticed a kraken
     2 | D:1      | Noticed a draconian
     2 | D:1      | Noticed a merfolk
     2 | D:1      | Noticed a troll
     2 | D:1      | Noticed a minotaur
     2 | D:1      | Noticed an ogre
     2 | D:1      | Noticed a ghoul
     3 | D:1      | Killed an ogre
     4 | D:1      | Killed a vampire
     5 | D:1      | Killed a minotaur
     6 | D:1      | Killed a merfolk
    11 | D:1      | Killed a vampire
    11 | D:1      | Killed a draconian
    12 | D:1      | Killed a troll
    12 | D:1      | Killed an ogre
    13 | D:1      | Killed a ghoul
    16 | D:1      | Killed a minotaur
    17 | D:1      | Killed a minotaur
    17 | D:1      | Killed a formicid
    66 | D:1      | Reached skill level 1 in Short Blades
   204 | D:1      | Reached XP level 2. HP: 12/20 MP: 7/7
   515 | D:1      | Reached skill level 3 in Stealth
  1245 | D:2      | Reached XP level 3. HP: 26/26 MP: 8/8
  1814 | D:3      | Learned a level 3 spell: Confusing Touch
  2035 | D:3      | Reached XP level 4. HP: 30/33 MP: 9/9
  2683 | D:4      | Reached skill level 4 in Stealth
  2683 | D:4      | Reached XP level 5. HP: 28/38 MP: 3/10
  2979 | D:4      | Noticed Menkaure
  3031 | D:4      | Noticed a black bear
  3034 | D:4      | Killed a black bear
  3056 | D:4      | Found a transporter.
  3143 | D:4      | Reached XP level 6. HP: 18/45 MP: 3/11
  3542 | D:4      | Killed Menkaure
  3543 | D:4      | Reached skill level 5 in Stealth
  3656 | D:4      | Noticed Grinder
  3661 | D:4      | Paralysed by Grinder for 5 turns
  3672 | D:4      | Killed Grinder
  3673 | D:4      | Reached XP level 7. HP: 37/50 MP: 9/12
  3868 | D:4      | Found a transporter.
  3907 | D:5      | Entered Level 5 of the Dungeon
  4037 | D:5      | Reached skill level 6 in Stealth
  4093 | D:5      | Found a sand-covered staircase.
  4109 | Ossuary  | Entered an ossuary
  4500 | Ossuary  | Reached XP level 8. HP: 57/57 MP: 9/13
  4644 | Ossuary  | Reached skill level 5 in Hexes
  4686 | Ossuary  | Reached skill level 7 in Stealth
  5703 | Ossuary  | Reached skill level 5 in Dodging
  6186 | D:5      | Found a staircase to the Ecumenical Temple.
  6413 | D:5      | Found a runed translucent door.
  6414 | D:5      | Noticed Crazy Yiuf
  6518 | D:5      | Reached skill level 8 in Stealth
  6755 | D:5      | Killed Crazy Yiuf
  6808 | D:5      | Learned a level 3 spell: Tukima's Dance
  6809 | D:6      | Found Cummashro's Antique Weapon Boutique.
  7149 | D:6      | Reached skill level 5 in Short Blades
  7286 | D:6      | Reached XP level 9. HP: 54/62 MP: 12/14
  8114 | D:7      | Noticed Maggie
  8441 | D:7      | Reached skill level 9 in Stealth
  8968 | D:7      | Killed Maggie
  9440 | D:8      | Noticed Psyche
  9449 | Abyss:1  | Cast into level 1 of the Abyss (Psyche)
  9497 | Abyss:2  | Noticed a tentacled starspawn
  9556 | Abyss:2  | Noticed a starcursed mass
  9559 | Abyss:2  | Noticed a glowing orange brain
  9565 | Abyss:2  | Noticed a starcursed mass
  9574 | Abyss:3  | Noticed a large abomination
  9577 | Abyss:3  | Gained mutation: You occasionally lose the ability to read
                  | scrolls when taking damage. [potion of mutation]
  9577 | Abyss:3  | Gained mutation: You are somewhat resistant to further
                  | mutation. [potion of mutation]
  9645 | Abyss:3  | Noticed a yaktaur
  9650 | Abyss:3  | Noticed a white draconian
  9682 | Abyss:3  | Noticed a wretched star
  9692 | Abyss:3  | Noticed a daeva
  9693 | Abyss:3  | Noticed a yellow draconian annihilator
  9707 | Abyss:3  | Noticed a smoke demon
  9708 | Abyss:3  | Slain by a chaos spawn

Illustrated notes

Levels and vault maps discovered:
D:1:      nicolae_arrival_kraken_aquarium_b, layout_basic
D:2:      layout_rooms, hangedman_decor_points, small_statue_intersection,
          minmay_goblin_outpost
D:3:      layout_rooms, okawaru_altar_gauntlet_db, marbit_many_paths,
          palyth_stone_intersect, hex_large
D:4:      gammafunk_cloud_chamber, layout_basic,
          mainiacjoe_overflow_cross_hatched, uniq_grinder, uniq_menkaure
D:5:      layout_rooms, mainiacjoe_overflow_paths,
          minmay_temple_entry_overgrown, enter_ossuary_5,
          uniq_crazy_yiuf_cottage
D:6:      layout_basic, lemuel_crystal_altar, serial_shops,
          nicolae_shop_tiny_statue_garden
D:7:      layout_rooms, hex_medium, uniq_maggie
D:8:      layout_basic, david_lair_generic, gammafunk_ghost_icy, uniq_erica,
          uniq_psyche, uniq_grum
Abyss:3:  base: D:1, minivault_22, hangedman_abyss_or_decor_lesser_grid,
          serial_sigils_hangedman_quiver, minivault_1,
          serial_sigils_hangedman_quiver, gammafunk_abyss_rune_reverse_zot,
          minivault_4, evilmike_abyss_rune_ettins

Skill      XL: |  1  2  3  4  5  6  7  8  9 |
---------------+----------------------------+-----
Short Blades   | 1 2 3 4 5 6 |  6.0
Dodging        | 2 3 4 5 6 |  6.2
Stealth        | 3 4 5 6 8 9 |  9.7
Hexes          | 3 4 5 6 |  6.6
Spellcasting   | |  1.7

Action                     |  1- 3 |  4- 6 |  7- 9 || total
---------------------------+-------+-------+-------++-------
  Melee: Dagger            |   166 |   174 |   821 ||  1161
         Punch             |     1 |     3 |    19 ||    23
         Falchion          |       |       |    24 ||    24
   Fire: Sling             |     6 |       |       ||     6
   Cast: Confusing Touch   |     1 |    12 |    90 ||   103
         Tukima's Dance    |       |       |    37 ||    37
  Evoke: Wand              |       |       |    17 ||    17
    Use: Potion            |     1 |     1 |    12 ||    14
         Scroll            |     3 |     2 |     8 ||    13
   Stab: Sleeping          |    11 |     3 |     9 ||    23
         Invisible         |     1 |       |       ||     1
         Confused          |     1 |     7 |    55 ||    63
         Distracted        |       |       |     2 ||     2
 Armour: Robe              |    24 |    26 |   165 ||   215
         Skin              |       |       |    54 ||    54
  Dodge: Dodged            |   107 |    84 |   510 ||   701
